 Dungeon Crawl Stone Soup version 0.28.0-53-g5a82cb258f (webtiles) character file.

Game seed: 12647654014252896199

1516 Zeld the Sneak (level 8, 0/46 HPs)
             Began as an Octopode Conjurer on June 7, 2022.
             Slain by an orc warrior
             ... wielding a +0 war axe of flaming
              (1 damage)
             ... on level 6 of the Dungeon.
             The game lasted 00:06:32 (8764 turns).

Zeld the Sneak (Octopode Conjurer)                  Turns: 8764, Time: 00:06:32

Health: 0/46       AC:  9    Str:  6    XL:     8   Next: 83%
Magic:  15/15      EV: 18    Int: 23    God:
Gold:   474        SH:  0    Dex: 10    Spells: 5/16 levels left

rFire   + + .      SeeInvis .   (weapon currently unavailable)
rCold   + + .      Faith    .   (shield currently unavailable)
rNeg    + + +      Spirit   .   (helmet currently unavailable)
rPois   ∞          Reflect  .   (amulet currently unavailable)
rElec   +          Harm     .   (ring currently unavailable)
rCorr   +          Rampage  .   (ring currently unavailable)
Will    .....                   (ring currently unavailable)
Stlth   +++.......              (ring currently unavailable)
HPRegen 0.15/turn               (ring currently unavailable)
MPRegen 0.14/turn               (ring currently unavailable)
                                (ring currently unavailable)
                                (ring currently unavailable)

@: wisp-form, flying
A: insubstantial, flying, no casting, almost no armour, (amphibious), (8 rings),
tiny, (camouflage 1), (gelatinous body 1), (nimble swimmer 1), (tentacles)
a: no special abilities


You were on level 6 of the Dungeon.
You were an insubstantial wisp.
You visited 1 branch of the dungeon, and saw 6 of its levels.
You also visited: Sewer.

You collected 474 gold pieces.

Inventory:

Hand Weapons
 p - a +2 dagger of flaming (melded)
Jewellery
 c - a ring of protection from fire (melded)
 h - a +4 ring of protection (melded)
 k - a ring of protection from cold (melded)
 x - a +4 ring of evasion (melded)
 y - an amulet of regeneration (melded)
Wands
 f - a wand of acid (8)
 o - a wand of iceblast (1)
Scrolls
 a - 3 scrolls of identify {unknown}
 b - a scroll of noise {unknown}
 d - a scroll of amnesia {unknown}
 j - a scroll of torment {unknown}
 m - 3 scrolls of magic mapping {unknown}
 q - a scroll of fog {unknown}
 s - a scroll of fear {unknown}
 u - 2 scrolls of teleportation {unknown}
 A - a scroll of blinking {unknown}
Potions
 e - 3 potions of might {unknown}
 g - 2 potions of brilliance {unknown}
 i - a potion of attraction {unknown}
 l - 4 potions of curing {unknown}
 n - a potion of berserk rage {unknown}
 r - a potion of resistance {unknown}
 t - 2 potions of magic {unknown}
 v - 3 potions of flight {unknown}
 w - 2 potions of invisibility {unknown}
 z - a potion of lignification {unknown}


   Skills:
 - Level 2.0 Dodging
 + Level 6.7 Stealth
 + Level 4.6 Spellcasting
 + Level 6.3 Conjurations
 - Level 2.0 Hexes
 - Level 2.0 Translocations
 * Level 6.5 Evocations


You had 5 spell levels left.
You knew the following spells:

 Your Spells              Type           Power      Damage    Failure   Level
a - Magic Dart            Conj           100%       1d8       1%          1
b - Searing Ray           Conj           68%        2d6       1%          2
c - Fulminant Prism       Conj/Hex       12%        3d9       17%         4
d - Iskenderun's Mystic   Conj/Tloc      24%        2d7       17%         4

Your spell library contained the following spells:

 Spells                   Type           Power      Damage    Failure   Level
 Dazzling Flash           Conj/Hex       48%        N/A       5%          3
 Gell's Gravitas          Tloc           14%        N/A       13%         3
 Teleport Other           Tloc           14%        N/A       13%         3
 Dispersal                Tloc           7%         N/A       100%        6


Dungeon Overview and Level Annotations

Branches:
Dungeon (6/15)              Sewer (visited)
 Temple: D:4-7

Altars:
Cheibriados
Fedhas
Gozag
Hepliaklqana
Makhleb
Nemelex Xobeh
Vehumet
Wu Jian
The Shining One

Shops:
D:3 [

Annotations:
D:5 2 transporters, ZappyNine's ghost, novice HOFi


Innate Abilities, Weirdness & Mutations

You are an insubstantial wisp.
Your tiny insubstantial body is highly resistant to most damage types.
You are flying.
Your equipment is entirely melded.
You are incapable of wielding weapons or throwing items.
You cannot cast spells.
You cannot wear most types of armour.
((You are amphibious.))
((You can wear up to eight rings at the same time.))
((Your skin changes colour to match your surroundings (Stealth+).))
((Your rubbery body absorbs attacks. (AC +1, EV +1)))
((You are camouflaged when in or above water. (Stealth+)))
((You have tentacles for arms and can constrict up to eight enemies at once.))


Message History

The orc warrior completely misses you.
You hit the orc warrior but do no damage.
The orc warrior is lightly wounded.
You constrict the orc warrior, but do no damage.
The orc warrior zaps a wand.
You resist with some effort.
You hit the orc warrior but do no damage.
The orc warrior is lightly wounded.
You constrict the orc warrior, but do no damage.
The orc warrior hits you with a +0 war axe of flaming.
You hit the orc warrior but do no damage.
You squeeze the orc warrior!
The orc warrior is moderately wounded.
You constrict the orc warrior, but do no damage.
The orc warrior zaps a wand.
You turn into an insubstantial wisp.
Your +2 dagger of flaming melds into your body.
Your amulet of regeneration melds into your body.
Your ring of protection from fire melds into your body.
Your ring of protection from cold melds into your body.
Your +4 ring of protection melds into your body.
Your +4 ring of evasion melds into your body.
Your +2 dagger of flaming stops flaming.
You lose your grip on the orc warrior.
The now-empty wand crumbles to dust.
You touch the orc warrior but do no damage.
The orc warrior is moderately wounded.
The orc warrior barely misses you.
You barely miss the orc warrior.
The orc warrior is moderately wounded.
The orc warrior hits you with a +0 war axe of flaming!
The orc warrior burns you.
Unknown command.
You touch the orc warrior.
The orc warrior is heavily wounded.
The orc warrior hits you with a +0 war axe of flaming!
The orc warrior burns you.
You touch the orc warrior but do no damage.
The orc warrior is heavily wounded.
The orc warrior hits you with a +0 war axe of flaming!
* * * LOW HITPOINT WARNING * * *
The orc warrior burns you.
You die...

#.# #.....#
#.###.###.####...
####................
#........†#######...
##.######..# ##.#
####..# ##.# #.....###
...# #.###...######'####
#..###.###.#...§vo§.....
...#.......#.§§§≈§§§.≈≈≈
##.........#.≈§§§§§≈....
###.#.#...#.≈§§§§.≈≈≈≈≈
.............≈.≈_≈.≈...§
####.###...#.≈.§.≈.≈.≈.≈
#.# ##....≈§≈.§§≈.≈_≈
#.# #....§.§≈§≈§.§≈≈ #..
.#.≈


You could see an orc warrior.

Vanquished Creatures
  A water moccasin (D:5)
  3 ice beasts
  2 black bears
  2 bullfrogs (Sewer)
  3 hounds
  An orc priest (D:6)
  2 bullfrog skeletons
  3 iguanas
  3 centaur skeletons
  Ijyb (D:4)
  2 orc wizards (D:6)
  A killer bee zombie (D:5)
  A hound skeleton (D:4)
  Robin (D:4)
  18 adders
  3 river rats (Sewer)
  A shadow imp (D:4)
  An ufetubus (D:5)
  An adder skeleton (D:4)
  3 dart slugs
  13 orcs
  4 bats
  7 endoplasms
  6 giant cockroaches
  11 goblins
  7 hobgoblins
  9 jackals
  7 kobolds
  7 quokkas
  20 ball pythons
  10 frilled lizards
  30 rats
184 creatures vanquished.

Vanquished Creatures (others)
  A fulminant prism (D:6)
  3 toadstools (D:6)
4 creatures vanquished.

Grand Total: 188 creatures vanquished

Notes
Turn   | Place    | Note
-------+----------+-------------------------------------------
     0 | D:1      | Zeld the Octopode Conjurer began the quest for the Orb.
     0 | D:1      | Reached XP level 1. HP: 11/11 MP: 3/3
   184 | D:1      | Reached XP level 2. HP: 11/17 MP: 0/5
   299 | D:1      | Learned a level 2 spell: Searing Ray
   360 | D:1      | Reached skill level 1 in Translocations
   393 | D:1      | Reached skill level 1 in Hexes
   628 | D:1      | Reached XP level 3. HP: 21/21 MP: 4/6
  1593 | D:3      | HP: 1/21 [adder (5)]
  1600 | D:3      | Reached XP level 4. HP: 2/27 MP: 1/7
  2151 | D:2      | Learned a level 4 spell: Fulminant Prism
  2289 | D:2      | Noticed a black bear
  2300 | D:2      | HP: 1/27 [black bear (3)]
  2301 | D:2      | Killed a black bear
  2302 | D:2      | Reached skill level 1 in Evocations
  2302 | D:2      | Reached XP level 5. HP: 2/31 MP: 1/9
  3343 | D:3      | Reached XP level 6. HP: 31/36 MP: 6/10
  3619 | D:3      | Found a burning altar of Makhleb.
  3630 | D:3      | Found a sparkling altar of Nemelex Xobeh.
  3673 | D:3      | Found Etedopp's Antique Armour Shop.
  3802 | D:3      | Found an ornate altar of the Wu Jian Council.
  3888 | D:4      | Found a radiant altar of Vehumet.
  3923 | D:4      | Reached skill level 5 in Conjurations
  4279 | D:4      | Noticed Ijyb
  4290 | D:4      | Killed Ijyb
  4382 | D:4      | Noticed Robin
  4427 | D:4      | Killed Robin
  4482 | D:4      | Learned a level 4 spell: Iskenderun's Mystic Blast
  4731 | D:4      | Reached XP level 7. HP: 27/41 MP: 4/12
  4923 | D:4      | Found a blossoming altar of Fedhas.
  5261 | D:5      | Entered Level 5 of the Dungeon
  5373 | D:5      | Found a transporter.
  5375 | D:5      | Noticed ZappyNine's ghost (novice HOFi)
  5515 | D:5      | Reached skill level 5 in Stealth
  5692 | D:5      | Found a glowing drain.
  5712 | Sewer    | Entered a sewer
  6834 | Sewer    | Reached XP level 8. HP: 45/46 MP: 8/13
  6837 | Sewer    | Reached skill level 5 in Evocations
  7113 | D:5      | Found a transporter.
  7246 | D:5      | Found a snail-covered altar of Cheibriados.
  8570 | D:6      | Found a hazy altar of Hepliaklqana.
  8690 | D:6      | Found a glowing golden altar of the Shining One.
  8750 | D:6      | Found an opulent altar of Gozag.
  8764 | D:6      | HP: 1/46 [orc warrior/+0 war axe of flaming (14)]
  8764 | D:6      | Slain by an orc warrior

Illustrated notes

Levels and vault maps discovered:
D:1:      minmay_arrival_loop, layout_basic, minmay_pentomino_z4
D:2:      layout_loops_corners, grunt_decor_cap, minmay_misc_feat_pillars
D:3:      layout_rooms, nzn_wu_jian_council_hall,
          nemelex_xobeh_ov_fountains_minmay, bloody_makhleb, serial_shops,
          nicolae_shop_trees, minivault_25
D:4:      layout_loops_ring, amcnicky_altar_gilded, nicolae_vehumet_radiance,
          uniq_robin, uniq_ijyb
D:5:      layout_basic, kennysheep_slug_shrine, gammafunk_ghost_arena,
          portal_sewer_entry_f
D:6:      layout_loops_corners, lemuel_crystal_altar,
          mainiacjoe_overflow_catwalk_spiral, minmay_gold_behind_fungi,
          minmay_hedge_maze, small_statue_intersection, hangedman_decor_points

Skill      XL: |  1  2  3  4  5  6  7  8 |
---------------+-------------------------+-----
Translocations | 1 2 |  2.0
Hexes          | 1 2 |  2.0
Stealth        | 3 4 5 6 |  6.7
Evocations     | 1 2 3 4 6 |  6.5
Spellcasting   | 3 4 |  4.6
Conjurations   | 5 6 |  6.3
Dodging        | |  2.0

Action                   |  1- 3 |  4- 6 |  7- 9 || total
-------------------------+-------+-------+-------++-------
Melee: Unarmed           |     9 |    25 |     4 ||    38
       Constrict         |     5 |     9 |    30 ||    44
       Punch             |     1 |       |     1 ||     2
       Tentacles         |     4 |    10 |    42 ||    56
       Dagger            |       |       |   237 ||   237
 Cast: Magic Dart        |    50 |     1 |       ||    51
       Searing Ray       |     1 |    36 |    12 ||    49
       Iskenderun's Myst |       |       |    12 ||    12
       Fulminant Prism   |       |       |     1 ||     1
Evoke: Wand              |     2 |     2 |       ||     4
 Stab: Sleeping          |       |       |    15 ||    15
Armor: Skin              |     2 |    26 |    85 ||   113
Dodge: Dodged            |    19 |    72 |   207 ||   298
